 Dungeon Crawl Stone Soup version 0.31-a0-848-gaac375c287 (webtiles) character file.

Game seed: 5253985805514402576

8 subawu the Conjurer (level 2, 0/12 (17) HPs)
             Began as a Tengu Reaver on Oct 4, 2023.
             Slain by a gnoll
             ... wielding a +0 spear
              (6 damage)
             ... on level 1 of the Dungeon.
             The game lasted 00:00:39 (126 turns).

subawu the Conjurer (Tengu Reaver)                   Turns: 126, Time: 00:00:39

HP:   0/12 (17)     AC:  3    Str: 12    XL:     2   Next: 8%
MP:   4/6           EV: 12    Int: 13    God:
Gold: 0             SH:  0    Dex: 12    Spells: 4/5 levels left

rFire   . . .        a - +0 spear
rCold   . . .        (no shield)
rNeg    . . .        b - +0 leather armour
rPois   .            (helmet restricted)
rElec   .            (no cloak)
rCorr   .            (no gloves)
SInv    .            (boots unavailable)
Will    .....        (no amulet)
Stlth   +            (no ring)
HPRegen 0.22/turn    (no ring)
MPRegen 0.10/turn

%: acrobat
@: very heavily drained
A: beak, talons 3, acrobatic
a: no special abilities


You were on level 1 of the Dungeon.
You visited 1 branch of the dungeon, and saw 1 of its levels.

Inventory:

Hand Weapons
 a - a +0 spear (weapon)
Armour
 b - a +0 leather armour (worn)
Potions
 c - a potion of mutation {unknown}


   Skills:
 + Level 2.0 Fighting
 + Level 3.7 Polearms
 + Level 2.3 Dodging
 + Level 2.0 Spellcasting
 + Level 4.1 Conjurations


You had 4 spell levels left.
You knew the following spells:

 Your Spells              Type           Power      Damage    Failure   Level
a - Kiss of Death         Conj/Necr      24%        2d7       14%         1

Your spell library contained the following spells:

 Spells                   Type           Power      Damage    Failure   Level
 Momentum Strike          Conj/Tloc      12%        3d8       21%         2
 Hailstorm                Conj/Ice       6%         3d4       38%         3


Dungeon Overview and Level Annotations

Branches:
Dungeon (1/15)

Altars:


Innate Abilities, Weirdness & Mutations

You have a beak for a mouth.
You have claws for feet.
You can magically evade attacks while moving or waiting.


Message History

Press: ? - help, Shift-Dir - straight line, f - ball python
Aim: a ball python (100% to hit)
The negative energy hits the ball python.
The ball python is drained!
You kill the ball python!
You feel drained.
Magic restored.
An endoplasm comes into view.
The helpless endoplasm fails to defend itself.
You hit the endoplasm.
You kill the endoplasm!
A kobold and a dart slug come into view.
Found 19 gold pieces.
The kobold shouts!
The kobold throws a stone.
The stone completely misses you.
The kobold throws a stone.
The stone completely misses you.
A gnoll comes into view. It is wielding a +0 spear.
The gnoll shouts!
A goblin comes into view. It is wielding a +0 dagger.
The kobold throws a stone.
The stone completely misses you. The dart slug misses you.
You barely miss the dart slug. The dart slug bites you.
Casting: Kiss of Death (safe; 14% risk of failure)
Confirm with . or Enter, or press ? or * to list all spells.
Aiming: Kiss of Death (safe; 14% risk of failure)
Press: ? - help, Shift-Dir - straight line, f - dart slug
Aim: a dart slug (100% to hit)
The negative energy hits the dart slug!
The dart slug is drained!
You kill the dart slug!
You feel drained. The kobold barely misses you. The gnoll barely misses you.
You have reached level 2!
The kobold completely misses you. The gnoll misses you.
You see here 19 gold pieces.
You barely miss the kobold. Your kick misses the kobold.
The kobold closely misses you.
The gnoll hits you from afar with a +0 spear.
You closely miss the kobold. Your kick misses the kobold.
The gnoll hits you from afar with a +0 spear.
Ouch! That really hurt!
You die...

.... ...# ##
... .# ..## .#
.g. .# #g##.#
.##.## #K...#
.#...# #@...#
.#...###
##...#
.......# ##..#
.......######
#...#
............#
#..##
.#...######.##
#..#
.)†..........#
#..#
..####.#####.#
#..# ..# #.#
#?# #..#


You could see a gnoll, a goblin and a kobold.

Vanquished Creatures
  A dart slug (D:1)
  2 ball pythons (D:1)
  An endoplasm (D:1)
  A kobold (D:1)
  A rat (D:1)
6 creatures vanquished.

Notes
Turn   | Place    | Note
-------+----------+-------------------------------------------
     0 | D:1      | subawu the Tengu Reaver began the quest for the Orb.
     0 | D:1      | Reached XP level 1. HP: 12/12 MP: 4/4
   124 | D:1      | Reached XP level 2. HP: 11/12 MP: 4/6
   126 | D:1      | Slain by a gnoll

Illustrated notes

Levels and vault maps discovered:
D:1:      lightli_arrival_boilingwater, layout_loops_ring

Action                     || total
---------------------------++-------
  Melee: Spear             ||    10
         Kick              ||     1
         Peck              ||     1
   Cast: Kiss of Death     ||     2
   Stab: Sleeping          ||     1
 Armour: Leather armour    ||     3
  Dodge: Dodged            ||    15

Table legend: (Time is in decaauts)
 A = Elapsed time spent in this place.
 B = Non-inter-level travel time spent in this place.
 C = Inter-level travel time spent in this place.
 D = Time resting spent in this place.
 E = Time spent auto-exploring this place.
 F = Levels seen in this place.
 G = Mean time per level.
                   A        B        C        D        E       F      G
               +--------+--------+--------+--------+--------+-----+--------+
         Total |    129 |    129 |      0 |      0 |     83 |   1 |  129.0 |
       Dungeon |    129 |    129 |      0 |      0 |     83 |   1 |  129.0 |
               +--------+--------+--------+--------+--------+-----+--------+

Top non-repeatable levels by time:
     D:1: 129 daAuts
